 Dungeon Crawl Stone Soup version 0.22-a0-525-gf69a080 (webtiles) character file.

144 inc the Cudgeler (level 5, -3/45 HPs)
             Began as a Naga Warper on June 20, 2018.
             Slain by an orc
             ... wielding a +0 hand axe
              (4 damage)
             ... on level 4 of the Dungeon.
             The game lasted 00:05:42 (3212 turns).

inc the Cudgeler (Naga Warper)                      Turns: 3212, Time: 00:05:42

Health: -3/45      AC:  5    Str: 13      XL:     5   Next: 26%
Magic:  8/8        EV:  7    Int: 12 (15) God:
Gold:   165        SH:  0    Dex:  7 (10) Spells: 8/8 levels left

rFire    . . .     SeeInvis +   a - +0 mace
rCold    . . .     Gourm    .   (no shield)
rNeg     . . .     Faith    .   j - +0 scale mail
rPois    +         Spirit   .   o - +0 helmet
rElec    .         Reflect  .   (no cloak)
rCorr    .         Harm     .   (no gloves)
MR       .....                  (no barding)
Stlth    ..........             (no amulet)
HPRegen  0.15/turn              (no ring)
MPRegen  0.11/turn              (no ring)

@: flying, very slow
A: large, see invisible, deformed body, poison resistance, slowness 2, slow
metabolism 1, spit poison 1, AC +1
a: Spit Poison


You were on level 4 of the Dungeon.
You were hungry.

You visited 1 branch of the dungeon, and saw 4 of its levels.

You collected 165 gold pieces.

Inventory:

Hand Weapons
 a - a +0 mace (weapon)
 m - a +0 whip
Missiles
 e - 5 tomahawks of dispersal (quivered)
Armour
 b - a +0 leather armour
 j - a +0 scale mail (worn)
 o - a +0 helmet (worn)
Scrolls
 d - a scroll of blinking
 h - 2 scrolls of remove curse {unknown}
 i - a scroll of enchant weapon {unknown}
 k - a scroll of magic mapping {unknown}
 l - a scroll of teleportation {unknown}
 n - a scroll of immolation {unknown}
Comestibles
 f - 3 rations


   Skills:
 - Level 2.0 Fighting
 + Level 5.3 Maces & Flails
 - Level 0.8 Throwing
 - Level 0.7 Armour
 - Level 1.5 Dodging
 - Level 2.0 Spellcasting
   Level 3.0 Translocations


You had 8 spell levels left.
You didn't know any spells.
Your spell library contained the following spells:

 Spells                   Type           Power        Failure   Level  Hunger
 Teleport Other           Tloc           #.......     75%         3    ####...
 Blink                    Tloc           N/A          50%         2    ###....
 Passage of Golubria      Tloc           N/A          98%         4    #####..
 Shroud of Golubria       Chrm/Tloc      #.........   71%         2    ###....
 Gell's Gravitas          Tloc           #.........   75%         3    ####...
 Lesser Beckoning         Tloc           #.........   75%         3    ####...


Dungeon Overview and Level Annotations

Branches:
Dungeon (4/15)
 Temple: D:4-7

Altars:
Trog


Innate Abilities, Weirdness & Mutations

You cannot wear boots.
Your serpentine skin is tough. (AC +1)
You have supernaturally acute eyesight. (SInv)
Armour fits poorly on your strangely shaped body.
Your system is resistant to poisons. (rPois)
You cover ground very slowly.
You have a slow metabolism.
You can spit poison.


Message History

The orc wizard is severely wounded.
You feel slightly more hungry.
The orc wizard hits you with a dagger. x2
* * * LOW HITPOINT WARNING * * *
Unknown command.
You hit the orc wizard.
You kill the orc wizard!
You feel your strength returning.
You have reached level 5!
The orc wizard hits you but does no damage.
The orc hits you with a hand axe.
* * * LOW HITPOINT WARNING * * *
Unknown command.
You closely miss the orc wizard.
The orc wizard is severely wounded.
You have got your breath back.
The orc wizard gestures at you while chanting.
The magic dart hits you!
* * * LOW HITPOINT WARNING * * *
The orc hits you with a hand axe.
You die...

#....####....P.♣
#.............♣♣
#...........P♣♣
#.........##♣♣
+.........#
+####.........#
..............#
....=..o.)....##
.......o@......#
......####.....#
...... #.....#
.... #.....# ..o
#.....# ..
#.....# >
......# ......


You could see an orc wizard and an orc.

Vanquished Creatures
  An orc wizard (D:4)
  A worker ant (D:3)
  2 adders (D:3)
  An ooze (D:4)
  A worm (D:2)
  A dart slug (D:3)
  2 leopard geckos
  3 orcs (D:3)
  2 giant cockroaches
  6 goblins
  8 hobgoblins
  7 jackals
  12 kobolds
  3 bats
  4 frilled lizards
  3 rats (D:1)
57 creatures vanquished.

Notes
Turn   | Place    | Note
-------+----------+-------------------------------------------
     0 | D:1      | inc the Naga Warper began the quest for the Orb.
     0 | D:1      | Reached XP level 1. HP: 19/19 MP: 3/3
   141 | D:1      | Reached XP level 2. HP: 26/26 MP: 5/5
   204 | D:1      | Reached skill level 3 in Maces & Flails
   596 | D:1      | Reached XP level 3. HP: 32/32 MP: 6/6
  1764 | D:2      | Found a bloodstained altar of Trog.
  1989 | D:3      | Reached skill level 4 in Maces & Flails
  2017 | D:3      | Reached XP level 4. HP: 9/39 MP: 7/7
  3128 | D:4      | Reached skill level 5 in Maces & Flails
  3211 | D:4      | Reached XP level 5. HP: 13/45 MP: 8/8
  3212 | D:4      | HP: 1/45 [orc wizard/magic dart (9)]
  3212 | D:4      | Slain by an orc

Vault maps used:
D:1:      saegor_arrival_simple_e
D:2:      marbit_many_paths
D:4:      eat_drink_and_be_merry_uskayaw, minmay_temple_entry_poolview,
          serial_shops, shop, first_ration, uniq_crazy_yiuf_cottage

Skill      XL: |  1  2  3  4 |
---------------+-------------+-----
Maces & Flails | 3 4 5 |  5.3
Fighting       | |  2.0
Throwing       | |  0.8
Armour         | |  0.7
Dodging        | |  1.5
Spellcasting   | |  2.0
Translocations | |  3.0

Action                   |  1- 3 |  4- 6 || total
-------------------------+-------+-------++-------
Melee: Mace              |    89 |    45 ||   134
 Abil: Spit Poison       |    42 |    24 ||    66
  Use: Potion            |       |     3 ||     3
  Eat: Chunk             |     2 |     3 ||     5
       Ration            |     1 |       ||     1
Armor: Leather armour    |    17 |       ||    17
       Scale mail        |    27 |    28 ||    55
Dodge: Dodged            |    65 |    20 ||    85

Table legend:
 A = Spawn XP
 B = Non-spawn XP
 C = Spawn XP percentage of total XP
 D = Spawn monster count
 E = Non-spawn monster count
 F = Spawn count percentage of total count
 G = Total turns spent on level
                    A         B        C        D         E        F      G
               +---------+---------+-------+---------+---------+-------+---------
         Total |       0 |     206 |   0.0 |       0 |      57 |   0.0 |  3212
               +---------+---------+-------+---------+---------+-------+---------
           D:1 |       0 |      40 |   0.0 |       0 |      24 |   0.0 |   946
           D:2 |       0 |      19 |   0.0 |       0 |      10 |   0.0 |   976
           D:3 |       0 |      98 |   0.0 |       0 |      21 |   0.0 |  1180
           D:4 |       0 |      49 |   0.0 |       0 |       2 |   0.0 |   110
               +---------+---------+-------+---------+---------+-------+---------
